 Dungeon Crawl Stone Soup version 0.21-a0-496-g696f58f (webtiles) character file.

1206 Ontamu the Martial Artist (level 8, -1/66 HPs)
             Began as a Pale Draconian Monk on Nov 23, 2017.
             Slain by Maurice
             ... wielding a +6 dagger of venom
              (5 damage)
             ... on level 7 of the Dungeon.
             The game lasted 00:13:19 (5461 turns).

Ontamu the Martial Artist (Pale Draconian Monk)     Turns: 5461, Time: 00:13:19

Health: -1/66      AC:  0    Str: 13    XL:     8   Next: 21%
Magic:  8/8        EV: 21    Int: 12    God:
Gold:   0          SH:  3    Dex: 20    Spells: 7/7 levels left

rFire    . . .     SeeInvis .     - Unarmed
rCold    . . .     Gourm    .   (shield currently unavailable)
rNeg     . . .     Faith    .   (armour unavailable)
rPois    .         Spirit   .   (helmet currently unavailable)
rElec    .         Reflect  +   (cloak currently unavailable)
rCorr    .         Harm     .   (gloves currently unavailable)
MR       .....                  (boots currently unavailable)
Stlth    ++........             v - +3 amulet of reflection
HPRegen  0.21/turn              (ring currently unavailable)
MPRegen  0.11/turn              (ring currently unavailable)

@: lethally poisoned (-1 -> -20), bat-form, flying, very quick
A: tiny, (breathe steam), unfitting armour, AC +6
a: no special abilities


You were on level 7 of the Dungeon.
You were full.
You were in bat-form.
You visited 2 branches of the dungeon, and saw 9 of its levels.

Inventory:

Jewellery
 d - a ring of protection from cold (melded)
 u - a +2 ring of strength
 v - a +3 amulet of reflection (around neck)
 y - an uncursed ring of wizardry
 A - a +3 ring of evasion (melded)
Wands
 z - a wand of paralysis (17)
 B - a wand of random effects (31)
Scrolls
 b - 4 scrolls of remove curse
 c - 10 scrolls of identify
 n - a scroll of immolation {unknown}
 o - a scroll of random uselessness {unknown}
 p - 2 scrolls of fog {unknown}
 q - 2 scrolls of fear {unknown}
 x - a scroll of enchant weapon {unknown}
Potions
 e - 4 potions of curing
 f - 5 potions of lignification {unknown}
 h - a potion of berserk rage {unknown}
 i - a potion of resistance {unknown}
 j - 3 potions of heal wounds {unknown}
 l - 3 potions of might {unknown}
 s - a potion of mutation {unknown}
 t - 2 potions of magic {unknown}
 w - a potion of brilliance {unknown}
 C - 2 potions of agility {unknown}
Comestibles
 a - 6 bread rations
 k - 2 fruits
 r - 6 meat rations


   Skills:
 + Level 3.7 Fighting
 + Level 3.1 Dodging
 - Level 1.7 Stealth
 * Level 10.0 Unarmed Combat


You had 7 spell levels left.
You didn't know any spells.

Dungeon Overview and Level Annotations

Branches:
Dungeon (8/15)             Temple (1/1) D:6
   Lair: D:8-11

Altars:
Ashenzari
Cheibriados
Dithmenos
Elyvilon
Hepliaklqana
Kikubaaqudgha
Nemelex Xobeh
Qazlal
Sif Muna
Trog
Uskayaw
Vehumet
Xom
Yredelemnul
Zin
The Shining One

Annotations:
D:4 Dowan, Duvessa
D:6 exclusion: downstairs
D:7 Ajdolov's ghost, novice MfGl; Maurice


Innate Abilities, Weirdness & Mutations

((You can breathe blasts of scalding, opaque steam.))
((Your pale cyan-grey scales are hard. (AC +6)))
You cannot fit into any form of body armour.
((You are cold-blooded and may be slowed by cold attacks.))


Message History

You hit something but do no damage. Something hits you!
* * * LOW HITPOINT WARNING * * *
Something steals 136 gold pieces!
You now have 50 gold pieces.
You are lethally poisoned!
* * * LOW HITPOINT WARNING * * *
You feel sick. Something hits you.
* * * LOW HITPOINT WARNING * * *
Something steals 50 gold pieces!
You now have 0 gold pieces.
You are more poisoned.
You fly upwards.
Level annotation: Ajdolov's ghost, novice MfGl
* * * LOW HITPOINT WARNING * * *
You feel very sick. You block Ajdolov's ghost's attack.
There is a stone staircase leading down here.
Okay, then.
You closely miss something.
* * * LOW HITPOINT WARNING * * *
You feel sick. Ajdolov's ghost closely misses you. Something hits you.
You die...

.#..##...# #.......# #...
.......... #.......###########..
.......... #...###..#...........
.#........ #....................
........[............#...........
.#......(.#.#....................
...............................##
.#..###........####.#####..#.#.##
.#..............bW....# #..#.#...
.#..###...###..####.#.# #..#.#.##
....................#.###..#.#.##
.................................
##..###...###..#.##.#.###..#.#.##
....# #...# #. #. ...........#.##
###.# #...# ..# ##.#.###........
#'# #...# #..#.##.#.# #..###.##
... #...# #..#.##.#.###.......#


You could see Ajdolov's ghost.

Vanquished Creatures
  A sky beast (D:6)
  A phantom (D:6)
  2 ogres
  2 bullfrogs (D:6)
  A scorpion (D:4)
  A water moccasin skeleton (D:7)
  A crimson imp (D:7)
  A centaur skeleton (D:6)
  A jelly (D:5)
  An orc priest (D:4)
  3 hounds
  An orc wizard (D:4)
  An iguana (D:4)
  Natasha (thrice) (D:3)
  2 worker ants
  6 gnolls
  8 adders
  3 shadow imps
  4 worms
  2 dart slugs (D:1)
  3 leopard geckos
  5 orcs
  6 bats
  5 giant cockroaches
  8 goblins
  7 hobgoblins
  7 jackals
  5 kobolds
  3 quokkas
  5 frilled lizards
  A leopard gecko skeleton (D:7)
  7 rats
107 creatures vanquished.

Vanquished Creatures (others)
  A human (D:4)
1 creature vanquished.

Grand Total: 108 creatures vanquished

Notes
Turn   | Place    | Note
-------+----------+-------------------------------------------
     0 | D:1      | Ontamu the Draconian Monk began the quest for the Orb.
     0 | D:1      | Reached XP level 1. HP: 19/19 MP: 1/1
   164 | D:1      | Reached XP level 2. HP: 26/26 MP: 2/2
   412 | D:1      | Reached skill level 4 in Unarmed Combat
   505 | D:1      | Reached XP level 3. HP: 25/31 MP: 3/3
   833 | D:2      | Found a glowing silver altar of Zin.
   833 | D:2      | Noticed an angel
   834 | D:2      | Found a shimmering altar of Xom.
   884 | D:2      | Found a sparkling altar of Nemelex Xobeh.
   900 | D:2      | Reached XP level 4. HP: 23/38 MP: 4/4
  1022 | D:2      | Reached skill level 5 in Unarmed Combat
  1365 | D:3      | Noticed Natasha
  1494 | D:3      | Killed Natasha
  1497 | D:3      | Noticed Natasha
  1509 | D:3      | Killed Natasha
  1509 | D:3      | Reached XP level 5. HP: 6/45 MP: 5/5
  1874 | D:3      | Noticed Natasha
  1886 | D:3      | Killed Natasha
  1886 | D:3      | Reached skill level 6 in Unarmed Combat
  1981 | D:4      | Noticed Dowan
  1983 | D:4      | Noticed Duvessa
  2201 | D:4      | Reached XP level 6. HP: 27/51 MP: 6/6
  2302 | D:4      | Reached skill level 7 in Unarmed Combat
  2459 | D:4      | Found an ancient bone altar of Kikubaaqudgha.
  2460 | D:4      | Noticed a human
  2462 | D:4      | Killed a human
  2818 | D:4      | Reached skill level 8 in Unarmed Combat
  3176 | D:4      | Your scales start taking on a pale cyan-grey colour.
  3176 | D:4      | Reached XP level 7. HP: 57/57 MP: 7/7
  3429 | D:5      | Entered Level 5 of the Dungeon
  3532 | D:5      | Found a basalt altar of Yredelemnul.
  4021 | D:6      | Reached skill level 9 in Unarmed Combat
  4205 | D:6      | Found a staircase to the Ecumenical Temple.
  4228 | Temple   | Entered the Ecumenical Temple
  4460 | D:6      | Reached XP level 8. HP: 48/63 MP: 8/8
  4730 | D:7      | Noticed Ajdolov's ghost (novice MfGl)
  5368 | D:7      | Reached skill level 10 in Unarmed Combat
  5434 | D:8      | Noticed Maurice
  5461 | D:7      | Slain by Maurice

Vault maps used:
D:1:      matt_arrival_spirals, minmay_misc_feat_doors
D:2:      grunt_temple_overflow_order_and_chaos_1,
          nemelex_xobeh_ov_fountains_minmay
D:3:      first_bread, small_statue_intersection, kennysheep_generic_room_3,
          uniq_natasha
D:4:      tgw_kikubaaqudgha, uniq_duvessa
D:5:      lemuel_round_altar
D:6:      nicolae_overflow_hidden_temple, minmay_temple_entry_fiery
D:7:      lemuel_crystal_altar, serial_curves, eino_curves_04, eino_curves_04,
          eino_curves_03, eino_curves_03, grunt_ogre_cave
D:8:      kennysheep_mini_moat, serial_shops, shop, uniq_maurice, uniq_pikel
Temple:   minmay_temple_bridge_abc

Skill      XL: |  1  2  3  4  5  6  7  8 |
---------------+-------------------------+-----
Unarmed Combat | 4 5 6 8 9 10 | 10.0
Dodging        | 3 |  3.1
Fighting       | |  3.7
Stealth        | |  1.7

Action                   |  1- 3 |  4- 6 |  7- 9 || total
-------------------------+-------+-------+-------++-------
Melee: Unarmed           |    99 |   213 |   120 ||   432
       Tailslap          |     5 |    23 |    13 ||    41
       Punch             |     2 |    11 |     4 ||    17
 Abil: Breathe Steam     |       |       |     9 ||     9
  Use: Scroll            |       |     3 |       ||     3
       Potion            |       |       |     1 ||     1
 Stab: Sleeping          |     5 |     3 |     3 ||    11
       Distracted        |     1 |       |     1 ||     2
  Eat: Chunk             |       |    14 |     6 ||    20
Armor: Skin              |    22 |    50 |    13 ||    85
Dodge: Dodged            |    71 |   145 |    54 ||   270
Block: Other             |       |       |     6 ||     6

Table legend:
 A = Spawn XP
 B = Non-spawn XP
 C = Spawn XP percentage of total XP
 D = Spawn monster count
 E = Non-spawn monster count
 F = Spawn count percentage of total count
 G = Total turns spent on level
                    A         B        C        D         E        F      G
               +---------+---------+-------+---------+---------+-------+---------
         Total |       0 |    1724 |   0.0 |       0 |     107 |   0.0 |  5461
               +---------+---------+-------+---------+---------+-------+---------
           D:1 |       0 |      42 |   0.0 |       0 |      24 |   0.0 |   690
           D:2 |       0 |      68 |   0.0 |       0 |      19 |   0.0 |   809
           D:3 |       0 |     156 |   0.0 |       0 |      19 |   0.0 |   570
           D:4 |       0 |     515 |   0.0 |       0 |      19 |   0.0 |  1360
           D:5 |       0 |     101 |   0.0 |       0 |       7 |   0.0 |   436
           D:6 |       0 |     544 |   0.0 |       0 |      12 |   0.0 |   994
           D:7 |       0 |     298 |   0.0 |       0 |       7 |   0.0 |   514
               +---------+---------+-------+---------+---------+-------+---------
